AoeStats
← Caminante Blanco

Socotra

505970871Analyzed
3v3 RM · 21d ago on Sep 11, 2026· 18m 7s· 6 players
Game mode
Random Map
Map size
128×128
Population
200
Speed
Normal
Resources
Standard
Victory
Conquest
Starting age
Dark Age
Ending age
Imperial Age
RankedLock teamsTeams togetherTeam positionsShared explorationLock speedFull tech treeHidden civsTurbo modeCheats
Victory
Defeat
🇨🇴 Vikings · Colombia
1457
+13
🇨🇴 Wu · Colombia
1317
+18
🇨🇴 Malians · Colombia
1290
+20
🇪🇸 Persians · Spain
1415
-19
🇪🇸 Byzantines · Spain
1403
-18
🇪🇸 Georgians · Spain
1307
-14
Camo
7:18 Loom
9:39 Feudal Age
10:17 Man-at-Arms
10:54 Arson
13:24 Scale Mail Armor
Caminante Blanco
7:39 Loom
9:33 Feudal Age
10:37 Double-Bit Axe
12:03 Fletching
Onifasio Salavarrieta
6:22 Loom
9:16 Feudal Age
9:29 Man-at-Arms
11:49 Arson
aroz
6:22 Loom
javi588
2:50 Loom
6:22 Loom
9:37 Feudal Age
10:51 Double-Bit Axe
froz
6:23 Loom
9:23 Feudal Age
10:06 Double-Bit Axe
16:47 Fletching
Connection lost

Rejoining the realm…

Still unreachable

The connection could not be restored.

Session expired

The server has moved on; the page needs a fresh start.